 Dungeon Crawl Stone Soup version 0.13-a0-2630-gc2a47ca (webtiles) character file.

106 Rak the Skirmisher (level 3, -5/28 HPs)
             Began as a Demonspawn Abyssal Knight on Aug 5, 2013.
             Was a Follower of Lugonu.
             Killed from afar by Terence (8 damage)
             ... with a wand of magic darts
             ... on Level 2 of the Dungeon.
             The game lasted 00:10:55 (2059 turns).

Rak the Skirmisher (Demonspawn Abyssal Knight)      Turns: 2059, Time: 00:10:55

HP  -5/28        AC  6     Str 12      XL: 3   Next: 28%
MP   4/4         EV  9     Int 13      God: Lugonu [*.....]
Gold 67          SH  0     Dex 16      Spells:  0 memorised,  2 levels left

Res.Fire  : . . .   See Invis. : .   a - +2 mace
Res.Cold  : . . .   Warding    : .   n - +0 dwarf ring mail (curse)
Life Prot.: . . .   Conserve   : .   (no shield)
Res.Poison: .       Res.Corr.  : .   (no helmet)
Res.Elec. : .       Clarity    : .   (no cloak)
Sust.Abil.: . .     Spirit.Shd : .   (no gloves)
Res.Mut.  : .       Stasis     : .   (no boots)
Res.Rott. : .       Flight     : .   (no amulet)
Saprovore : . . .                    (no ring)
                                     (no ring)

@: not resistant to hostile enchantments, fairly stealthy
A: Str -1, Dex +4
a: Depart the Abyss, Renounce Religion


You were on level 2 of the Dungeon.
You worshipped Lugonu.
Lugonu was most pleased with you.
You were not hungry.

You visited 1 branch of the dungeon, and saw 2 of its levels.
You visited the Abyss 1 time.

You collected 47 gold pieces.

Inventory:

Hand weapons
 a - a +2,+2 mace (weapon)
 c - a +0,+0 long sword
 d - a +1,+2 spear (quivered)
 g - a +2,+3 whip
 k - a +0,+0 hand axe
 l - a +0,+0 falchion
Armour
 b - a +0 leather armour
 e - a +0 elven robe
 n - a cursed +0 dwarven ring mail (worn)
Comestibles
 s - a chunk of bat flesh
 t - a bread ration
Scrolls
 f - 5 scrolls of identify {unknown}
 i - a scroll of random uselessness {unknown}
 j - 3 scrolls of remove curse {unknown}
 m - a scroll of noise {unknown}
 o - a scroll of curse armour {unknown}
 q - a scroll of amnesia {unknown}
Potions
 h - 2 potions of restore abilities {unknown}
 p - a potion of degeneration {unknown}
 r - 2 potions of mutation {unknown}


   Skills:
 + Level 3.4 Fighting
 + Level 2.1 Maces & Flails
 + Level 2.4 Armour
 + Level 1.4 Dodging
 + Level 2.5 Invocations


You had 2 spell levels left.
You didn't know any spells.

Dungeon Overview and Level Annotations

Branches:
Dungeon (2/27)

Altars:

Annotations
D:2 Terence


Innate Abilities, Weirdness & Mutations

You have a moderately thin skeletal structure (Dex +4, Str -1, Stlth).


Message History

Terence is moderately wounded.
Terence zaps a wand.
The magic dart hits you!
You hit Terence but do no damage.
Terence is moderately wounded.
Terence closely misses you.
You closely miss Terence.
Terence is moderately wounded.
Terence zaps a wand.
The magic dart hits you!
You closely miss Terence.
Terence is moderately wounded.
Terence zaps a wand.
The magic dart hits you!
* * * LOW HITPOINT WARNING * * *
You hit Terence but do no damage.
Terence is moderately wounded.
Terence hits you with a falchion.
* * * LOW HITPOINT WARNING * * *
You closely miss Terence.
Terence is moderately wounded.
Terence closely misses you.
Terence zaps a wand.
The magic dart hits you!
You die...

... ...# #.. ..
#.. ..?. #..
.....
##.##.....
.........
#############
##@...####
........#...#
#.@......#
#######.#.#.#
#.....##+#
#...#.###.....#
#####...'.....#
### #####....##
..# +.....# ..#
#.....# ..#
#.....# ###
#####.#


You could see Terence.

Vanquished Creatures
  A worm (D:2)
  2 oozes (D:1)
  A giant cockroach (D:1)
  7 goblins (D:1)
  7 hobgoblins
  A ball python (D:1)
  7 bats
  4 kobolds
30 creatures vanquished.

Notes
Turn   | Place    | Note
--------------------------------------------------------------
     0 | Abyss:1  | Rak, the Demonspawn Abyssal Knight, began the quest for the Orb.
     0 | Abyss:1  | Reached XP level 1. HP: 16/16 MP: 1/1
    36 | Abyss:1  | Noticed an insubstantial wisp
    36 | Abyss:1  | Noticed an insubstantial wisp
    36 | Abyss:1  | Noticed an insubstantial wisp
    37 | Abyss:1  | Noticed an insubstantial wisp
    37 | Abyss:1  | Noticed an insubstantial wisp
    38 | D:1      | Escaped the Abyss
   129 | D:1      | Acquired Lugonu's first power
   249 | D:1      | Reached skill level 1 in Dodging
   252 | D:1      | Gained mutation: You have a somewhat thin skeletal structure (Dex +2, Stlth). [demonic ancestry]
   252 | D:1      | Reached XP level 2. HP: 9/22 MP: 2/2
  1515 | D:1      | Gained mutation: You have a moderately thin skeletal structure (Dex +4, Str -1, Stlth). [demonic ancestry]
  1515 | D:1      | Reached XP level 3. HP: 21/28 MP: 4/4
  2047 | D:2      | Noticed Terence
  2059 | D:2      | Killed from afar by Terence

Action                   || total
-------------------------++-------
Melee: Mace              ||   102
Invok: Depart the Abyss  ||     1
